 Dungeon Crawl Stone Soup version 0.32-a0-42-ga30500b4d3 (webtiles) character file.

Game seed: 16903154122699115182

3421 CougarLife the Cleaver (level 10, -2/93 HPs)
             Began as a Hill Orc Fighter on Feb 2, 2024.
             Was a Follower of Beogh.
             Slain by a polar bear (23 damage)
             ... on level 7 of the Dungeon.
             The game lasted 00:13:13 (7478 turns).

CougarLife the Cleaver (Hill Orc Fighter)           Turns: 7478, Time: 00:13:13

Health: -2/93      AC:  8    Str: 27    XL:     10   Next: 5%
Magic:  10/10      EV:  9    Int: 11    God:    Beogh [*.....]
Gold:   427        SH:  4    Dex:  7    Spells: 9/9 levels left

rFire   . . .        n - +4 hand axe of Ucweech {flame, Str+3 Int+3 Dex-3 SInv}
rCold   . . .        c - +0 buckler
rNeg    . . .        b - +0 scale mail
rPois   .            (no helmet)
rElec   .            r - +0 cloak
rCorr   .            (no gloves)
SInv    +            (no boots)
Will    +....        (no amulet) Stlth
                     f - ring of see invisible
HPRegen 0.35/turn    h - ring of willpower
MPRegen 0.12/turn

%: no passive effects
@: no status effects
A: no striking features
a: Renounce Religion


You were on level 7 of the Dungeon.
You worshipped Beogh.
Beogh was aware of your devotion.
You visited 1 branch of the dungeon, and saw 8 of its levels.
You also visited: Bailey.

You collected 427 gold pieces.

Inventory:

Hand Weapons
 n - the +4 hand axe of Ucweech (weapon) {flame, Str+3 Int+3 Dex-3 SInv}
   (You found it on level 2 of the Dungeon)

   Str+3:     It affects your strength (+3).
   Int+3:     It affects your intelligence (+3).
   Dex-3:     It affects your dexterity (-3).
   SInv:      It lets you see invisible.
 B - the +8 hand axe of the Bespelling Stoat {flame, rCorr Str-5 Int-3 Dex+7}
   (You found it on level 7 of the Dungeon)

   Str-5:     It affects your strength (-5).
   Int-3:     It affects your intelligence (-3).
   Dex+7:     It affects your dexterity (+7).
   rCorr:     It protects you from acid and corrosion.
Missiles
 m - 6 javelins
 s - 11 poisoned darts
 E - 3 boomerangs
 F - 2 throwing nets
Armour
 b - a +0 scale mail (worn)
 c - a +0 buckler (worn)
 r - a +0 cloak (worn)
Jewellery
 f - a ring of see invisible (left hand)
 h - a ring of willpower (right hand)
 v - the ring of Woshoc {Wiz rCorr Str+3 Int+4 Dex-5}
   (You found it on level 4 of the Dungeon)

   [ring of wizardry]

   Wiz:       It improves your spell success rate.
   Str+3:     It affects your strength (+3).
   Int+4:     It affects your intelligence (+4).
   Dex-5:     It affects your dexterity (-5).
   rCorr:     It protects you from acid and corrosion.
Wands
 x - a wand of paralysis (10)
 y - a wand of mindburst (8) (quivered)
Scrolls
 a - 4 scrolls of enchant armour {unknown}
 e - a scroll of brand weapon {unknown}
 g - 7 scrolls of teleportation {unknown}
 k - 7 scrolls of identify {unknown}
 o - a scroll of fear {unknown}
 p - a scroll of vulnerability {unknown}
 q - 2 scrolls of immolation {unknown}
 w - a scroll of acquirement {unknown}
 C - a scroll of summoning {unknown}
 D - a scroll of silence {unknown}
Potions
 d - 2 potions of might
 i - 3 potions of resistance {unknown}
 j - 5 potions of haste {unknown}
 l - 2 potions of mutation {unknown}
 t - 2 potions of heal wounds {unknown}
 u - a potion of curing {unknown}
 z - 2 potions of attraction {unknown}
 A - a potion of enlightenment {unknown}


   Skills:
 - Level 10.1 Fighting
 - Level 14.0 Axes
 + Level 5.6 Armour
 - Level 3.2 Shields


You had 9 spell levels left.
You didn't know any spells.
Your spell library contained the following spells:

 Spells                   Type           Power      Damage    Failure   Level
 Freeze                   Ice            0%         1d3       65%         1
 Sting                    Conj/Alch      0%         1d3       65%         1
 Mercury Vapours          Alch/Air       0%         N/A       80%         2
 Dazzling Flash           Conj/Hex       0%         N/A       95%         3
 Volatile Blastmotes      Fire/Tloc      0%         2d10      95%         3
 Olgreb's Toxic Radiance  Alch           0%         N/A       100%        4
 Passage of Golubria      Tloc           0%         N/A       100%        4
 Silence                  Hex/Air        0%         N/A       100%        5
 Starburst                Conj/Fire      0%         6d3       100%        6
 Lehudib's Crystal Spear  Conj/Erth      0%         10d2      100%        8
 Maxwell's Capacitive Co  Air            0%         ∞         100%        8


Dungeon Overview and Level Annotations

Branches:
Dungeon (8/15)             Temple (0/1) D:7          Bailey (visited)
   Lair: D:8-11

Altars:
Ashenzari
Cheibriados
Elyvilon
Gozag
Hepliaklqana
Makhleb
Nemelex Xobeh
Qazlal
Sif Muna
Uskayaw
Wu Jian
Zin
The Shining One

Shops:
D:3 *

Annotations:
D:6 1 runed translucent door, pop's ghost, novice MiBe


Message History

The polar bear claws you but does no damage.
You barely miss the polar bear.
The polar bear is lightly wounded.
You hit the polar bear. You burn the polar bear.
The polar bear is moderately wounded.
The polar bear closely misses you. The polar bear barely misses you.
The polar bear claws you but does no damage.
You hit the polar bear but do no damage.
The polar bear is moderately wounded.
You hit the polar bear. You burn the polar bear.
The polar bear is heavily wounded.
The polar bear bites you but does no damage.
You block the polar bear's attack.
The polar bear claws you but does no damage.
You closely miss the polar bear.
The polar bear is heavily wounded.
The polar bear bites you!
The polar bear claws you but does no damage.
The polar bear claws you.
You closely miss the polar bear.
The polar bear is heavily wounded.
You hit the polar bear. You burn the polar bear.
The polar bear is heavily wounded.
The polar bear bites you!
The polar bear claws you but does no damage.
The polar bear completely misses you.
You completely miss the polar bear.
The polar bear is heavily wounded.
The polar bear bites you!
* * * LOW HITPOINT WARNING * * *
You block the polar bear's attack. The polar bear closely misses you.
You closely miss the polar bear.
The polar bear is heavily wounded.
You hit the polar bear. You burn the polar bear.
The polar bear is severely wounded.
The polar bear goes berserk!
You slash the polar bear! You burn the polar bear.
The polar bear is almost dead.
The polar bear bites you!!
You die...

#.....#.####'####............##.
###.....'.......+........######.
###.###.#...#.#........######.
#.# #.#._.#.#######'##....#.
#.###.#...#.#####...........
#...+.......'.##...........#
#.######'####.#............# #.#
#........#.....##...# #.#
#..h@.......)..''.... #.#
#.....##.#.....##.... #.#
#..........#'######..
#.######....###...#.## #..
#......'....+.....#..# #..
#.######....###..##..# #.. #.#
#........#..##..# #.. #.#
#........+......#####.. ###
##.....^..#..##......+..


You could see a polar bear (berserk).

Vanquished Creatures
  Grinder (D:5)
  A vampire (D:7)
  A water moccasin (D:6)
  2 ice beasts
  3 orc warriors (Bailey)
  A black bear (D:7)
  2 ogres
  A centaur (D:7)
  2 bullfrogs (D:7)
  4 scorpions
  15 wights
  A howler monkey (D:6)
  A bombardier beetle (D:6)
  4 jellies
  2 gnoll boudas
  An orc priest (D:6)
  3 hounds
  A sleepcap (D:4)
  3 iguanas
  6 orc wizards
  21 gnolls
  5 adders
  A white imp (D:6)
  2 ufetubi (D:6)
  2 dart slugs
  5 ribbon worms
  24 orcs
  3 bats
  6 endoplasms
  2 giant cockroaches (D:2)
  14 goblins
  14 hobgoblins
  8 jackals
  3 kobolds
  A quokka (D:5)
  6 ball pythons
  2 frilled lizards (D:3)
  7 rats
181 creatures vanquished.

Vanquished Creatures (others)
  An orc (D:6)
1 creature vanquished.

Grand Total: 182 creatures vanquished

Notes
Turn   | Place    | Note
-------+----------+-------------------------------------------
     0 | D:1      | CougarLife the Hill Orc Fighter began the quest for the
                  | Orb.
     0 | D:1      | Reached XP level 1. HP: 19/19 MP: 1/1
    91 | D:1      | Reached skill level 3 in Axes
   182 | D:1      | Reached XP level 2. HP: 25/27 MP: 2/2
  1138 | D:1      | Reached skill level 4 in Axes
  1213 | D:2      | Reached XP level 3. HP: 31/33 MP: 3/3
  1444 | D:2      | Reached XP level 4. HP: 41/41 MP: 4/4
  1452 | D:2      | Identified the +4 hand axe of Ucweech {flame, Str+3 Int+3
                  | Dex-3 SInv}
  1517 | D:2      | Reached skill level 5 in Axes
  1657 | D:3      | Found Nypsafagoen's Assorted Antiques.
  1822 | D:3      | Reached XP level 5. HP: 44/47 MP: 5/5
  1862 | D:3      | Found a sparkling altar of Nemelex Xobeh.
  1875 | D:3      | Found a hazy altar of Hepliaklqana.
  2143 | D:3      | Found an ornate altar of the Wu Jian Council.
  2231 | D:3      | Found a faded altar of an unknown god.
  2235 | D:3      | Got Plato's Compilation of Cryomancy
  2261 | D:4      | Reached skill level 5 in Fighting
  2306 | D:4      | Reached skill level 6 in Axes
  2409 | D:4      | Found a white marble altar of Elyvilon.
  2431 | D:4      | Noticed an ice beast
  2446 | D:4      | Killed an ice beast
  2447 | D:4      | Reached XP level 6. HP: 56/56 MP: 6/6
  2554 | D:4      | Reached skill level 7 in Axes
  2881 | D:4      | Identified the ring of Woshoc {Wiz rCorr Str+3 Int+4 Dex-5}
  3196 | D:5      | Entered Level 5 of the Dungeon
  3250 | D:5      | Reached skill level 8 in Axes
  3250 | D:5      | Reached XP level 7. HP: 38/63 MP: 7/7
  3441 | D:5      | Found an opulent altar of Gozag.
  3441 | D:5      | Found a glowing silver altar of Zin.
  3442 | D:5      | Found a broken altar of Ashenzari.
  3587 | D:5      | Noticed Grinder
  3616 | D:5      | Killed Grinder
  3617 | D:5      | Reached skill level 9 in Axes
  3828 | D:5      | Found a stormy altar of Qazlal.
  3956 | D:5      | Noticed Menkaure
  4024 | D:5      | Reached XP level 8. HP: 69/73 MP: 8/8
  4128 | D:5      | Reached skill level 10 in Axes
  4659 | D:6      | Found a runed translucent door.
  4659 | D:6      | Noticed pop's ghost (novice MiBe)
  4740 | D:6      | Reached skill level 11 in Axes
  4944 | D:6      | Became a worshipper of Beogh the Brigand
  4988 | D:6      | Found a glowing golden altar of the Shining One.
  5175 | D:6      | Reached XP level 9. HP: 74/82 MP: 9/9
  5176 | D:6      | Reached skill level 12 in Axes
  5671 | D:7      | Found a staircase to the Ecumenical Temple.
  5752 | D:7      | Found a flagged portal.
  5759 | D:7      | Identified the +8 hand axe of the Bespelling Stoat {flame,
                  | rCorr Str-5 Int-3 Dex+7}
  5764 | Bailey   | Entered a bailey
  5872 | Bailey   | Reached * piety under Beogh
  5907 | Bailey   | Reached skill level 13 in Axes
  6002 | Bailey   | Noticed an orc knight
  6274 | D:7      | Found a shimmering blue altar of Sif Muna.
  6593 | D:7      | Reached skill level 14 in Axes
  6713 | D:7      | Found a hide-covered altar of Uskayaw.
  6828 | D:7      | Reached skill level 10 in Fighting
  6873 | D:7      | Found a burning altar of Makhleb.
  6877 | D:7      | Noticed a balrug
  7014 | D:7      | Found a snail-covered altar of Cheibriados.
  7081 | D:7      | Reached skill level 5 in Armour
  7081 | D:7      | Reached XP level 10. HP: 44/92 MP: 10/10
  7478 | D:7      | Slain by a polar bear

Illustrated notes

Levels and vault maps discovered:
D:1:      elethiomel_arrival_quiet, layout_basic, minivault_25,
          minmay_split_cup_small
D:2:      layout_rooms, chequers_jeans, st_stairs_8
D:3:      layout_rooms, nicolae_overflow_crystal_walls,
          nemelex_diamond_rough_becter, nicolae_wu_jian_immortal_techniques,
          shapermc_ecumenical_altar_rom_forum, serial_shops, shop
D:4:      layout_loops_corners, mainiacjoe_overflow_paths,
          roderic_three_in_a_row, grunt_ministairs_13, st_stairs_8
D:5:      layout_basic, gammafunk_temple_overflow_claw, grunt_qazlal_sundering,
          uniq_menkaure, uniq_grinder
D:6:      layout_cave_pools, lemuel_crystal_altar,
          hellmonk_ghost_happy_afterlife, corexii_corridor_pit
D:7:      layout_basic, mainiacjoe_overflow_six_doors_small,
          mainiacjoe_overflow_catwalk, makhleb_altar_promises_db, slow_altar_2,
          minmay_temple_entry_junction_2, enter_bailey_2
D:8:      layout_basic, trog_butcher_becter, nicolae_overflow_squiral,
          serial_ice, serial_ice_c, serial_ice_e, serial_ice_k, serial_ice_f,
          serial_ice_h, serial_ice_o, serial_ice_d, serial_ice_m

Skill      XL: |  1  2  3  4  5  6  7  8  9 |
---------------+----------------------------+-----
Axes           | 3 4 5 6 8 9 11 14 | 14.0
Fighting       | 4 5 6 7 8 10 | 10.1
Armour         | 5 |  5.6
Shields        | |  3.2

Action                     |  1- 3 |  4- 6 |  7- 9 | 10-12 || total
---------------------------+-------+-------+-------+-------++-------
  Melee: War axe           |    85 |       |       |       ||    85
         Hand axe          |       |   139 |   313 |    24 ||   476
  Throw: Javelin           |       |       |     1 |       ||     1
 Invoke: Convert to Beogh  |       |       |     1 |       ||     1
  Evoke: Wand              |       |       |     9 |       ||     9
 Armour: Scale mail        |    54 |    78 |   164 |    25 ||   321
  Dodge: Dodged            |    45 |    41 |   102 |    10 ||   198
  Block: Buckler           |    24 |    20 |    57 |     7 ||   108

Table legend: (Time is in decaauts)
 A = Elapsed time spent in this place.
 B = Non-inter-level travel time spent in this place.
 C = Inter-level travel time spent in this place.
 D = Time resting spent in this place.
 E = Time spent auto-exploring this place.
 F = Levels seen in this place.
 G = Mean time per level.
                   A        B        C        D        E       F      G
               +--------+--------+--------+--------+--------+-----+--------+
         Total |   7415 |   7293 |    122 |   1528 |   4455 |   9 |  823.9 |
       Dungeon |   7167 |   7045 |    122 |   1400 |   4455 |   8 |  895.9 |
        Bailey |    248 |    248 |      0 |    128 |      0 |   1 |  248.0 |
               +--------+--------+--------+--------+--------+-----+--------+

Top non-repeatable levels by time:
     D:5: 1329 daAuts
     D:7: 1321 daAuts
     D:6: 1285 daAuts
     D:1: 1223 daAuts
     D:4: 940 daAuts
     D:3: 599 daAuts
     D:2: 461 daAuts
  Bailey: 248 daAuts
     D:8: 5 daAuts
